[Event "Live Chess"]
[Site "Chess.com"]
[Date "2021.02.28"]
[Round "?"]
[White "Kerray, Bill"]
[Black "Macleod, Alisdair"]
[Result "0-1"]
[ECO "D10"]
[WhiteElo "1052"]
[BlackElo "1762"]
[PlyCount "46"]
[EventDate "2021.??.??"]
[TimeControl "1500+10"]

1. d4 d5 2. c4 c6 3. Bf4 Nf6 4. e3 Qb6 5. b3 Bf5 6.
Nf3 Nh5 7. Nc3 Nxf4 8. exf4 h6 9. Be2 e6 10. O-O Nd7 11. Re1 Bb4 12. Qc1 O-O
13. Nh4 Qxd4 14. Nxf5 exf5 15. Rd1 Qxc3 16. h3 Qxc1 17. Raxc1 Nf6 18. cxd5 Nxd5
19. g3 Nc3 20. Rd2 Rad8 21. Rdc2 Nxe2+ 22. Rxe2 Rd2 23. Re7 Bxe7 {
Arcticon_Tiger won by resignation} 0-1

[Event "Live Chess"]
[Site "Chess.com"]
[Date "2021.02.28"]
[Round "?"]
[White "Heatlie, Douglas S"]
[Black "Macleod, Alisdair"]
[Result "0-1"]
[ECO "A46"]
[WhiteElo "1612"]
[BlackElo "1775"]
[PlyCount "70"]
[EventDate "2021.??.??"]
[TimeControl "1500+10"]

1. d4
Nf6 2. Nf3 c6 3. Bf4 d5 4. h3 h6 5. Nbd2 Bf5 6. e3 e6 7. Be2 Qb6 8. b3 Nbd7 9.
O-O Rc8 10. c4 Be7 11. c5 Qd8 12. b4 O-O 13. a4 b6 14. Ba6 Rb8 15. Bxb8 Qxb8
16. Be2 bxc5 17. bxc5 e5 18. Qb3 Qc7 19. Rfc1 Rb8 20. Qc3 e4 21. Ne1 Kh8 22.
Rab1 Rg8 23. Ba6 g5 24. Rb7 Qd8 25. Rcb1 g4 26. hxg4 Nxg4 27. Rxa7 Bh4 28. f4
Bf2+ 29. Kf1 Qh4 30. Nef3 exf3 31. Nxf3 Qh1+ 32. Ke2 Qxg2 33. Ne1 Bxe1+ 34.
Kxe1 Qf2+ 35. Kd1 Nxe3+ {Arcticon_Tiger won by resignation} 0-1

[Event "Live Chess"]
[Site "Chess.com"]
[Date "2021.02.28"]
[Round "-"]
[White "Vijayakumar, Rishi"]
[Black "Bate, Simon"]
[Result "1-0"]
[BlackElo "1374"]
[CurrentPosition "2r2rk1/2q1Np2/p3pQ1p/1pp5/3PBb2/8/PP3PP1/R3R2K b - -"]
[ECO "E14"]
[ECOUrl "https://www.chess.com/openings/Queens-Indian-Defense-Spassky-System-4...Bb7-5.Nc3"]
[EndDate "2021.02.28"]
[EndTime "11:23:06"]
[Link "https://www.chess.com/live/game/8249652117"]
[StartTime "11:11:54"]
[Termination "scientificmouse won by resignation"]
[TimeControl "1500+10"]
[Timezone "UTC"]
[UTCDate "2021.02.28"]
[UTCTime "11:11:54"]
[WhiteElo "1637"]

1. d4 Nf6 2. c4 e6 3. Nf3 b6 4. Nc3 Bb7 5. e3 d5 6. Be2 dxc4 7. Bxc4 Nbd7 8. O-O Bd6 9. Re1 Bf8 10. e4 Bd6 11. e5 O-O 12. exf6 Nxf6 13. Bg5 h6 14. Bh4 a6 15. Ne5 b5 16. Bd3 c5 17. Ne4 Bxe4 18. Bxe4 Rc8 19. Nc6 Qc7 20. Bxf6 Bxh2+ 21. Kh1 gxf6 22. Qg4+ Kh8 23. Qh4 Bf4 24. Qxf6+ Kg8 25. Ne7+ 1-0

[Event "Live Chess"]
[Site "Chess.com"]
[Date "2021.02.28"]
[Round "-"]
[White "Doris, Peter J"]
[Black "Bushnaq, Ahmad"]
[Result "1-0"]
[BlackElo "1392"]
[CurrentPosition "8/8/5PK1/8/5P2/3k4/8/8 b - -"]
[ECO "A24"]
[ECOUrl "https://www.chess.com/openings/English-Opening-Carls-Bremen-Fianchetto-Line-4.Bg2"]
[EndDate "2021.02.28"]
[EndTime "14:55:11"]
[Link "https://www.chess.com/live/game/8261027081"]
[StartTime "14:19:18"]
[Termination "Stoic1 won by resignation"]
[TimeControl "1800"]
[Timezone "UTC"]
[UTCDate "2021.02.28"]
[UTCTime "14:19:18"]
[WhiteElo "1514"]

1. c4 e5 2. Nc3 Nf6 3. g3 g6 4. Bg2 d6 5. e4 b6 6. d3 Nc6 7. Nge2 Bb7 8. O-O Bg7 9. h3 Ne7 10. Be3 c5 11. Qd2 Qd7 12. Kh2 h5 13. Nd5 Nexd5 14. cxd5 O-O-O 15. Rfc1 Ne8 16. b4 Nc7 17. bxc5 dxc5 18. a4 Rdf8 19. Nc3 Ba6 20. Rcb1 Qd6 21. Nb5 Bxb5 22. axb5 Kb7 23. Qa2 Ra8 24. Qc4 Rhf8 25. Ra2 f5 26. Bg5 Bf6 27. Qc1 f4 28. Bxf6 Rxf6 29. Rba1 g5 30. Qc2 a6 31. bxa6+ Rxa6 32. Rxa6 Nxa6 33. Qa4 Nc7 34. Qa7+ Kc8 35. Qa2 g4 36. hxg4 hxg4 37. Rh1 f3 38. Bf1 Rh6+ 39. Kg1 Rxh1+ 40. Kxh1 b5 41. Qd2 b4 42. Qg5 Qd7 43. Qxe5 b3 44. d6 Ne6 45. Qb2 Qxd6 46. Qxb3 Nd4 47. Qg8+ Kc7 48. Qxg4 Qh6+ 49. Qh4 Qc1 50. Qf4+ Qxf4 51. gxf4 Ne6 52. f5 Nf4 53. Kh2 Kd6 54. Kg3 Ke5 55. Kxf3 Nh5 56. Kg4 Nf6+ 57. Kg5 Nd7 58. Be2 Nf6 59. f4+ Kd4 60. Kxf6 Ke3 61. d4 cxd4 62. Ba6 Kxe4 63. Kg6 d3 64. Bxd3+ Kxd3 65. f6 1-0

[Event "Live Chess"]
[Site "Chess.com"]
[Date "2021.02.28"]
[Round "?"]
[White "Bate, Simon"]
[Black "Vasiliadis, Theodoros"]
[Result "0-1"]
[BlackElo "1726"]
[ECO "E73"]
[EndTime "6:11:44 PST"]
[Termination "crywolf63 won by resignation"]
[TimeControl "1500+10"]
[WhiteElo "1345"]

1. d4 Nf6 2. c4 g6 3. Nc3 Bg7 4. e4 d6 5. Be2 O-O 6. Bg5 h6 7. Bh4 c5 8. Nf3 cxd4 9. Nxd4 Nc6 10. Nb3 Be6 11. O-O Rc8 12. f4 Na5 13. Nd5 Bxd5 14. cxd5 Nxe4 15. Nxa5 Qxa5 16. Bxe7 Rfe8 17. Bh4 Qb6+ 18. Kh1 Bxb2 19. Rb1 Nc3 20. Qd2 Rxe2 21. Rxb2 Rxd2 22. Rxb6 axb6 23. Be1 Rd1 0-1

[Event "Live Chess"]
[Site "Chess.com"]
[Date "2021.02.28"]
[Round "-"]
[White "Bennett, William"]
[Black "Grove, Michael"]
[Result "1-0"]
[BlackElo "1828"]
[CurrentPosition "7k/8/5N1P/p4PN1/8/1K6/8/8 b - -"]
[ECO "C25"]
[ECOUrl "https://www.chess.com/openings/Vienna-Game-2...d6"]
[EndDate "2021.02.28"]
[EndTime "12:02:37"]
[Link "https://www.chess.com/live/game/8248494745"]
[StartTime "10:55:33"]
[Termination "kajeongyong won by resignation"]
[TimeControl "1500+10"]
[Timezone "UTC"]
[UTCDate "2021.02.28"]
[UTCTime "10:55:33"]
[WhiteElo "2056"]

1. e4 d6 2. Nc3 e5 3. Bc4 Be7 4. f4 Nf6 5. d3 c6 6. Bb3 Na6 7. Nf3 Qc7 8. O-O Nc5 9. Be3 Nxb3 10. axb3 Ng4 11. Qe2 Bd7 12. f5 Bf6 13. Bd2 h5 14. h3 Nh6 15. Be3 b6 16. Nd2 Ng8 17. Nc4 Rb8 18. Ra6 Bc8 19. Ra2 Ne7 20. Rfa1 a6 21. Qf2 d5 22. Bxb6 Qd7 23. Nd2 d4 24. Na4 Bg5 25. Nf1 g6 26. h4 Bf4 27. g3 gxf5 28. gxf4 fxe4 29. dxe4 Qh3 30. Nh2 Ng6 31. f5 Nf4 32. Kh1 Rg8 33. Rg1 Rg4 34. Raa1 c5 35. Rxg4 hxg4 36. Rg1 Bb7 37. Rxg4 Bxe4+ 38. Kg1 Qxg4+ 39. Nxg4 Nh3+ 40. Kf1 Nxf2 41. Kxf2 Bxc2 42. Nxe5 Bxb3 43. Ba7 Rb7 44. Nxc5 Rxa7 45. Nxb3 Rb7 46. Nxd4 Rxb2+ 47. Ke3 Rb1 48. Kd3 Ke7 49. Kc3 Kf6 50. Ng4+ Kg7 51. h5 Rh1 52. h6+ Kh7 53. Kc4 a5 54. Nf3 Rf1 55. Ng5+ Kh8 56. Nf6 Rc1+ 57. Kb3 Rc7 58. Ka4 Rb7 59. Nd5 f6 60. Nxf6 Rb4+ 61. Ka3 Rb3+ 62. Kxb3 1-0

[Event "Live Chess"]
[Site "Chess.com"]
[Date "2021.02.28"]
[Round "-"]
[White "Gregory, Sam"]
[Black "Mollison, Jamie"]
[Result "1/2-1/2"]
[BlackElo "2000"]
[CurrentPosition "3q1rk1/3b1rpp/ppn1p3/3p2R1/N2P1n2/4Q1B1/PP3PPP/1BR3K1 w - -"]
[ECO "C05"]
[ECOUrl "https://www.chess.com/openings/French-Defense-Tarrasch-Closed-4.e5-Nfd7-5.Bd3-c5-6.c3"]
[EndDate "2021.02.28"]
[EndTime "12:03:27"]
[Link "https://www.chess.com/live/game/8250196511"]
[StartTime "11:17:54"]
[Termination "Game drawn by repetition"]
[TimeControl "1500+10"]
[Timezone "UTC"]
[UTCDate "2021.02.28"]
[UTCTime "11:17:54"]
[WhiteElo "1986"]

1. e4 e6 2. d4 d5 3. Nd2 Nf6 4. e5 Nfd7 5. Bd3 c5 6. c3 cxd4 7. cxd4 Nc6 8. Ne2 f6 9. exf6 Nxf6 10. O-O Bd6 11. Nf3 Qc7 12. Nc3 a6 13. Bg5 O-O 14. Bh4 Nh5 15. Rc1 Nf4 16. Bb1 Bd7 17. Bg3 Rae8 18. Re1 Re7 19. Na4 b6 20. Qb3 Rb8 21. Ne5 Bxe5 22. Rxe5 Rf7 23. Qe3 Rbf8 24. Rg5 Qd8 25. Bh4 Qb8 26. Bg3 Qd8 27. Bh4 Qb8 28. Bg3 Qd8 1/2-1/2

[Event "Live Chess"]
[Site "Chess.com"]
[Date "2021.02.28"]
[Round "-"]
[White "Baumanis, Kristaps"]
[Black "Mooney, Graham"]
[Result "0-1"]
[BlackElo "1835"]
[CurrentPosition "8/1R2pk2/3p2p1/6Kp/p3PP2/6Pr/8/8 w - -"]
[ECO "B57"]
[ECOUrl "https://www.chess.com/openings/Sicilian-Defense-Open-Classical-Sozin-Attack-6...Bd7-7.O-O"]
[EndDate "2021.02.28"]
[EndTime "12:04:14"]
[Link "https://www.chess.com/live/game/8249593895"]
[StartTime "11:07:32"]
[Termination "Grouvilleknight won by resignation"]
[TimeControl "1500+10"]
[Timezone "UTC"]
[UTCDate "2021.02.28"]
[UTCTime "11:07:32"]
[WhiteElo "1321"]

1. e4 c5 2. Nf3 d6 3. d4 cxd4 4. Nxd4 Nf6 5. Nc3 Nc6 6. Bc4 Bd7 7. O-O g6 8. Be3 Bg7 9. Qd2 O-O 10. f3 Rc8 11. Bb3 Qa5 12. Rad1 a6 13. Nxc6 Bxc6 14. Nd5 Qd8 15. Nxf6+ Bxf6 16. Bh6 Bg7 17. h4 Qb6+ 18. Kh1 Bb5 19. Rg1 Bc4 20. Bxg7 Kxg7 21. Qc3+ Kg8 22. Bxc4 Qc5 23. Bxf7+ Rxf7 24. Qxc5 Rxc5 25. c3 Rf4 26. Kh2 Rxh4+ 27. Kg3 Rhh5 28. f4 Rc4 29. Rd4 Rxd4 30. cxd4 Rb5 31. Rc1 Rxb2 32. Rc7 Kf7 33. a4 Rb4 34. Kf3 Rxd4 35. Rxb7 Rxa4 36. Rb3 Ra1 37. Kg4 a5 38. g3 a4 39. Rb7 h5+ 40. Kg5 Rg1 41. Kh4 Rh1+ 42. Kg5 Rh3 0-1

[Event "Live Chess"]
[Site "Chess.com"]
[Date "2021.02.28"]
[Round "-"]
[White "Kynoch, Richard J P"]
[Black "Macnab, Crawford T"]
[Result "1/2-1/2"]
[BlackElo "1513"]
[CurrentPosition "8/2r3pk/8/1p3P1Q/3r3P/8/2P5/1K6 b - -"]
[ECO "B00"]
[ECOUrl "https://www.chess.com/openings/Nimzowitsch-Defense-Kennedy-Paulsen-Attack"]
[EndDate "2021.02.28"]
[EndTime "12:08:56"]
[Link "https://www.chess.com/live/game/8249103043"]
[StartTime "11:06:06"]
[Termination "Game drawn by repetition"]
[TimeControl "1500+10"]
[Timezone "UTC"]
[UTCDate "2021.02.28"]
[UTCTime "11:06:06"]
[WhiteElo "1876"]

1. e4 Nc6 2. d4 e5 3. dxe5 Nxe5 4. Nf3 Nxf3+ 5. Qxf3 Qf6 6. Nc3 Bb4 7. Bd2 Qxf3 8. gxf3 Ne7 9. Rg1 O-O 10. O-O-O d6 11. Nb5 Bc5 12. Be3 Bb6 13. Bxb6 axb6 14. Nxc7 Rxa2 15. Kb1 Ra5 16. Rxd6 Rc5 17. Nb5 f5 18. b3 Nc6 19. Bc4+ Kh8 20. Rgd1 fxe4 21. fxe4 h6 22. R1d2 Rh5 23. f3 Rh3 24. Nd4 Ne5 25. f4 Nxc4 26. bxc4 Rc3 27. e5 Rxc4 28. e6 Re8 29. f5 Kh7 30. Nb3 Re7 31. Rxb6 h5 32. Rd8 Kh6 33. h4 Kh7 34. Nd4 Rec7 35. Rbd6 b5 36. R6d7 Bxd7 37. e7 Be8 38. Rxe8 Rxd4 39. Rh8+ Kxh8 40. e8=Q+ Kh7 41. Qxh5+ Kg8 42. Qe8+ Kh7 43. Qh5+ Kg8 44. Qe8+ Kh7 45. Qh5+ 1/2-1/2

[Event "Live Chess"]
[Site "Chess.com"]
[Date "2021.02.28"]
[Round "-"]
[White "Greet, Andrew N"]
[Black "Abdulla, Murad"]
[Result "1/2-1/2"]
[BlackElo "2079"]
[CurrentPosition "8/7p/6p1/5p2/5k2/6rP/3PK1P1/6R1 w - -"]
[ECO "B23"]
[ECOUrl "https://www.chess.com/openings/Sicilian-Defense-Closed-Traditional-Line-3.Bb5-Nd4"]
[EndDate "2021.02.28"]
[EndTime "12:07:13"]
[Link "https://www.chess.com/live/game/8249061351"]
[StartTime "11:02:49"]
[Termination "Game drawn by repetition"]
[TimeControl "1500+10"]
[Timezone "UTC"]
[UTCDate "2021.02.28"]
[UTCTime "11:02:49"]
[WhiteElo "2299"]

1. e4 c5 2. Nc3 Nc6 3. Bb5 Nd4 4. Nf3 a6 5. Bd3 g6 6. O-O Bg7 7. Re1 d6 8. Nxd4 cxd4 9. Ne2 Bd7 10. a4 Rc8 11. h3 Qa5 12. c3 e5 13. b4 Qb6 14. a5 Qa7 15. cxd4 exd4 16. Nf4 Ne7 17. Nd5 Nxd5 18. exd5+ Kf8 19. Ba3 Bf6 20. b5 Bxb5 21. Bxd6+ Kg7 22. Bxb5 axb5 23. Qb3 Qa6 24. Be7 Bxe7 25. Rxe7 Rhe8 26. Rxe8 Rxe8 27. Qd3 Rd8 28. Qxd4+ Qf6 29. Qxf6+ Kxf6 30. Kf1 Rxd5 31. Ke2 Ke5 32. Ke3 b4 33. f4+ Kd6 34. a6 bxa6 35. Rxa6+ Kc7 36. Ra4 Rb5 37. Kd3 b3 38. Ra1 b2 39. Rb1 Rb3+ 40. Kc2 Rg3 41. Rg1 Kd6 42. Kxb2 Kd5 43. Kc2 f5 44. Kd1 Ke4 45. Ke2 Kxf4 46. Kf2 Rd3 47. Ke2 Rg3 48. Kf2 Rd3 49. Ke2 Rg3 1/2-1/2

[Event "Live Chess"]
[Site "Chess.com"]
[Date "2021.02.28"]
[Round "-"]
[White "Olson, Hamish"]
[Black "Polaczek, Richard"]
[Result "1/2-1/2"]
[BlackElo "2270"]
[CurrentPosition "8/6r1/4k3/R7/4b2K/8/8/8 w - -"]
[ECO "B04"]
[ECOUrl "https://www.chess.com/openings/Alekhines-Defense-Modern-Alburt-Variation-5.Bc4-Nb6-6.Bb3-Bg7-7.Ng5"]
[EndDate "2021.02.28"]
[EndTime "12:35:50"]
[Link "https://www.chess.com/live/game/8249103027"]
[StartTime "11:05:55"]
[Termination "Game drawn by 50-move rule"]
[TimeControl "1500+10"]
[Timezone "UTC"]
[UTCDate "2021.02.28"]
[UTCTime "11:05:55"]
[WhiteElo "1995"]

1. e4 Nf6 2. e5 Nd5 3. d4 d6 4. Nf3 g6 5. Bc4 Nb6 6. Bb3 Bg7 7. Ng5 e6 8. Qf3 Qe7 9. Ne4 dxe5 10. Bg5 Qb4+ 11. Nbd2 exd4 12. a3 Qa5 13. Bf6 Bxf6 14. Qxf6 O-O 15. Qxd4 N6d7 16. O-O-O Qe5 17. Qe3 Nc6 18. f4 Qd4 19. Qh3 Qg7 20. Qh4 Nd4 21. Nf3 Nf5 22. Qf2 Nf6 23. Nxf6+ Qxf6 24. Ne5 Nd6 25. h4 b6 26. Kb1 Ne4 27. Qe3 Nc5 28. h5 Nxb3 29. Ng4 Qg7 30. cxb3 e5 31. h6 Qh8 32. Nxe5 Qf6 33. g4 Re8 34. g5 Qf5+ 35. Ka1 f6 36. gxf6 Qxf6 37. Rhe1 Be6 38. Rd4 Rad8 39. Red1 Rxd4 40. Rxd4 Qh4 41. Qc3 Qxh6 42. Ka2 Qg7 43. Nf3 c5 44. Rd6 Qxc3 45. bxc3 Bf5 46. Ne5 Kg7 47. b4 cxb4 48. axb4 h5 49. c4 h4 50. c5 bxc5 51. bxc5 h3 52. Rd2 Be4 53. Rd7+ Kg8 54. Ng4 Re6 55. Rxa7 Bf3 56. Nh6+ Kf8 57. f5 gxf5 58. Nxf5 h2 59. Ng3 Bd5+ 60. Kb2 Rh6 61. Ra4 Rh3 62. Rf4+ Ke8 63. Rf2 Rxg3 64. Rxh2 Kd7 65. Rh6 Kc7 66. Rd6 Bg8 67. Rd2 Rb3+ 68. Kc1 Bh7 69. Rd5 Kc6 70. Re5 Bg8 71. Kc2 Rg3 72. Kd2 Bd5 73. Re8 Kxc5 74. Rd8 Kd4 75. Kd1 Rg2 76. Rd7 Kc4 77. Ke1 Ra2 78. Rd8 Be4 79. Rd2 Ra3 80. Rd8 Bd5 81. Kd2 Kd4 82. Kd1 Ra2 83. Rd7 Ke4 84. Kc1 Rh2 85. Rd8 Rg2 86. Rd7 Kd4 87. Kd1 Ra2 88. Rd8 Kc4 89. Ke1 Be6 90. Rd6 Bg4 91. Rd2 Ra3 92. Rd8 Bf5 93. Kd2 Be4 94. Ke1 Ra2 95. Rd2 Ra1+ 96. Rd1 Ra8 97. Rd7 Rh8 98. Kd2 Rh3 99. Rd8 Bf5 100. Ke1 Bd3 101. Kd2 Rh2+ 102. Ke3 Re2+ 103. Kf3 Re7 104. Rc8+ Kd4 105. Rd8+ Kc3 106. Kf4 Bc4 107. Rd1 Kb4 108. Ra1 Kc5 109. Ra5+ Kd4 110. Kg5 Bd5 111. Rb5 Ke5 112. Ra5 Rg7+ 113. Kh5 Rg8 114. Rb5 Ke4 115. Kh6 Rg1 116. Ra5 Rg2 117. Rb5 Ra2 118. Kg5 Ke5 119. Kh5 Ra8 120. Kg5 Rg8+ 121. Kh5 Ke6 122. Kh4 Rg7 123. Ra5 Be4 1/2-1/2

[Event "Live Chess"]
[Site "Chess.com"]
[Date "2021.02.28"]
[Round "-"]
[White "Findlay, David J"]
[Black "Gray, Euan"]
[Result "1/2-1/2"]
[BlackElo "1863"]
[CurrentPosition "2r1r2k/1p3p2/p1pq1p2/8/PP1P2Q1/6PP/5PK1/R3R3 w - -"]
[ECO "C26"]
[ECOUrl "https://www.chess.com/openings/Vienna-Game-Falkbeer-Mieses-Variation-3...Bc5-4.Bg2-Nc6-5.Nge2"]
[EndDate "2021.02.28"]
[EndTime "11:57:43"]
[Link "https://www.chess.com/live/game/8249600913"]
[StartTime "11:08:08"]
[Termination "Game drawn by repetition"]
[TimeControl "1500+10"]
[Timezone "UTC"]
[UTCDate "2021.02.28"]
[UTCTime "11:08:08"]
[WhiteElo "2226"]

1. e4 e5 2. Nc3 Nf6 3. g3 Bc5 4. Bg2 Nc6 5. Nge2 a6 6. O-O d6 7. h3 Be6 8. Nd5 Qd7 9. Kh2 h5 10. c3 Ba7 11. b4 Ne7 12. Nxe7 Qxe7 13. d4 Bc4 14. Re1 c6 15. a4 O-O 16. Kg1 Rfd8 17. Bg5 Rac8 18. Qd2 d5 19. dxe5 Qxe5 20. exd5 Bxd5 21. Nd4 Qc7 22. Bxf6 gxf6 23. Qh6 Bxd4 24. cxd4 Bxg2 25. Kxg2 Qd6 26. Qxh5 Re8 27. Qg4+ Kh8 28. Qh4+ Kg7 29. Qg4+ Kh8 30. Qh4+ Kg7 31. Qg4+ Kh8 1/2-1/2

[Event "Live Chess"]
[Site "Chess.com"]
[Date "2021.02.28"]
[Round "-"]
[White "Lothian, Robert"]
[Black "Shafi, Declan"]
[Result "1/2-1/2"]
[BlackElo "2071"]
[CurrentPosition "6k1/p3b2p/1p1pP1p1/8/3B4/6P1/PPr4P/4R1K1 b - -"]
[ECO "B23"]
[ECOUrl "https://www.chess.com/openings/Sicilian-Defense-Chameleon-Variation-3...g6"]
[EndDate "2021.02.28"]
[EndTime "11:58:43"]
[Link "https://www.chess.com/live/game/8249043599"]
[StartTime "11:01:22"]
[Termination "Game drawn by agreement"]
[TimeControl "1500+10"]
[Timezone "UTC"]
[UTCDate "2021.02.28"]
[UTCTime "11:01:22"]
[WhiteElo "2021"]

1. e4 c5 2. Nc3 Nc6 3. Nge2 g6 4. g3 Bg7 5. Bg2 e6 6. O-O Nge7 7. d3 O-O 8. Be3 Nd4 9. Qd2 Nec6 10. f4 d6 11. Nd1 Rb8 12. c3 Nxe2+ 13. Qxe2 b6 14. Nf2 Bb7 15. Rad1 f5 16. d4 cxd4 17. cxd4 fxe4 18. Nxe4 Nb4 19. Qd2 Nd5 20. Bf2 Rc8 21. Ng5 Qd7 22. Rfe1 Rfe8 23. Bh3 Nc7 24. Nxe6 Rxe6 25. Rxe6 Bd5 26. f5 Nxe6 27. fxe6 Bxe6 28. Bxe6+ Qxe6 29. d5 Qf5 30. Qe2 Rc2 31. Qe6+ Qxe6 32. dxe6 Bf8 33. Re1 Be7 34. Bd4 1/2-1/2

[Event "Live Chess"]
[Site "Chess.com"]
[Date "2021.02.28"]
[Round "-"]
[White "Hogg, Stephen W"]
[Black "McDonald, Ian"]
[Result "1/2-1/2"]
[BlackElo "2019"]
[CurrentPosition "8/2r3k1/6P1/R6K/8/8/8/8 w - -"]
[ECO "A41"]
[ECOUrl "https://www.chess.com/openings/Queens-Pawn-Opening-English-Rat-Defense"]
[EndDate "2021.02.28"]
[EndTime "12:06:42"]
[Link "https://www.chess.com/live/game/8249034351"]
[StartTime "11:00:38"]
[Termination "Game drawn by agreement"]
[TimeControl "1500+10"]
[Timezone "UTC"]
[UTCDate "2021.02.28"]
[UTCTime "11:00:38"]
[WhiteElo "2097"]

1. d4 d6 2. c4 e5 3. d5 f5 4. e4 fxe4 5. Nc3 Nf6 6. Nge2 Be7 7. Ng3 O-O 8. Ngxe4 Nxe4 9. Nxe4 Bf5 10. Bd3 Qe8 11. O-O Qg6 12. f3 Nd7 13. Be3 Nc5 14. Nxc5 dxc5 15. Bxf5 Qxf5 16. Qb1 Qxb1 17. Raxb1 a5 18. Rfe1 Bd6 19. Bd2 Rae8 20. Re4 a4 21. Rbe1 Rf7 22. f4 Rfe7 23. f5 Rf7 24. g4 h5 25. h3 hxg4 26. hxg4 g6 27. fxg6 Rg7 28. Kg2 Rxg6 29. Kg3 Rb8 30. R1e3 b5 31. cxb5 Rxb5 32. Bc3 c4 33. Bxe5 Rxb2 34. Rxc4 Rxa2 35. Bxd6 Rxd6 36. Rxc7 Kf8 37. Rd3 Rb2 38. Kf4 Rb3 39. Rd4 a3 40. Ra7 Rd8 41. d6 Rb6 42. Ke5 Rb3 43. g5 Re3+ 44. Kf6 Rf3+ 45. Kg6 Kg8 46. d7 Rh3 47. Rda4 Rd3 48. Rxa3 Rd6+ 49. Kh5 R6xd7 50. Rxd7 Rxd7 51. g6 Kg7 52. Ra5 Rc7 1/2-1/2

[Event "Live Chess"]
[Site "Chess.com"]
[Date "2021.02.28"]
[Round "-"]
[White "Abdulla, Murad"]
[Black "Grove, Michael"]
[Result "1/2-1/2"]
[BlackElo "1840"]
[CurrentPosition "r5r1/1b1k1B2/p2pp3/4b1B1/3Nn2P/2q5/P1P2PQ1/1R2K2R w - -"]
[ECO "B90"]
[ECOUrl "https://www.chess.com/openings/Sicilian-Defense-Open-Najdorf-Adams-Attack"]
[EndDate "2021.02.28"]
[EndTime "14:52:07"]
[Link "https://www.chess.com/live/game/8259925423"]
[StartTime "14:05:35"]
[Termination "Game drawn by agreement"]
[TimeControl "1500+10"]
[Timezone "UTC"]
[UTCDate "2021.02.28"]
[UTCTime "14:05:35"]
[WhiteElo "1988"]

1. e4 c5 2. Nf3 d6 3. d4 cxd4 4. Nxd4 Nf6 5. Nc3 a6 6. h3 e6 7. g4 b5 8. g5 b4 9. gxf6 bxc3 10. fxg7 Bxg7 11. bxc3 Nd7 12. Qg4 Bf6 13. Be2 Bb7 14. Rb1 Nc5 15. Bf3 h5 16. Qg2 Be5 17. Bd2 Qc7 18. Bg5 Kd7 19. h4 Rhg8 20. Bxh5 Nxe4 21. Bxf7 Qxc3+ 22. Ke2 Qc4+ 23. Ke1 Qc3+ 1/2-1/2

[Event "Live Chess"]
[Site "Chess.com"]
[Date "2021.02.28"]
[Round "-"]
[White "Spencer, Edwin A"]
[Black "Olson, Hamish"]
[Result "0-1"]
[BlackElo "2138"]
[CurrentPosition "8/7p/5p2/3nkP2/1pp3P1/5K1P/4N3/8 w - -"]
[ECO "C45"]
[ECOUrl "https://www.chess.com/openings/Scotch-Game-Classical-Variation-5.Be3-Qf6-6.c3-Nge7"]
[EndDate "2021.02.28"]
[EndTime "15:08:09"]
[Link "https://www.chess.com/live/game/8259912867"]
[StartTime "14:04:56"]
[Termination "Hamish123456 won by resignation"]
[TimeControl "1500+10"]
[Timezone "UTC"]
[UTCDate "2021.02.28"]
[UTCTime "14:04:56"]
[WhiteElo "2038"]

1. e4 e5 2. Nf3 Nc6 3. d4 exd4 4. Nxd4 Bc5 5. Be3 Qf6 6. c3 Nge7 7. Bc4 O-O 8. O-O b6 9. Nxc6 Qxc6 10. Bxc5 Qxc5 11. Nd2 d5 12. b4 Qc6 13. exd5 Nxd5 14. Qf3 Be6 15. Rac1 Rad8 16. Rfd1 Rfe8 17. h3 Ne7 18. Qxc6 Nxc6 19. Bb5 Bd7 20. Nc4 Nb8 21. Bxd7 Nxd7 22. Rd4 Nf6 23. Rcd1 Rxd4 24. Rxd4 Re1+ 25. Kh2 Kf8 26. f4 Re4 27. Ne5 Rxd4 28. cxd4 Nd5 29. Nc6 a6 30. Kg3 Ke8 31. a3 Kd7 32. Nb8+ Kc8 33. Nxa6 Nc3 34. Kf3 Kb7 35. b5 Nxb5 36. Nb4 Nxd4+ 37. Ke4 c5 38. Nd3 f6 39. a4 Kc6 40. f5 Ne2 41. g4 Nc3+ 42. Ke3 Nxa4 43. Nf4 Kd6 44. Nh5 Ke5 45. Nxg7 b5 46. Nh5 b4 47. Nf4 c4 48. Ne2 Nb6 49. Kf3 Nd5 0-1

[Event "Live Chess"]
[Site "Chess.com"]
[Date "2021.02.28"]
[Round "-"]
[White "Gray, Euan"]
[Black "Gregory, Sam"]
[Result "0-1"]
[BlackElo "1991"]
[CurrentPosition "8/Q4ppk/1P2p2p/p7/4b3/6PP/5P2/2q3K1 w - -"]
[ECO "E48"]
[ECOUrl "https://www.chess.com/openings/Nimzo-Indian-Defense-Bishop-Attack-Classical-Defense-6.Nf3-c5-7.O-O"]
[EndDate "2021.02.28"]
[EndTime "15:06:45"]
[Link "https://www.chess.com/live/game/8259821333"]
[StartTime "13:59:05"]
[Termination "NiceCardigan won by resignation"]
[TimeControl "1500+10"]
[Timezone "UTC"]
[UTCDate "2021.02.28"]
[UTCTime "13:59:05"]
[WhiteElo "1851"]

1. d4 Nf6 2. c4 e6 3. Nc3 Bb4 4. e3 O-O 5. Bd3 d5 6. Nf3 c5 7. O-O cxd4 8. exd4 dxc4 9. Bxc4 a6 10. Qe2 Be7 11. a4 Nc6 12. Rd1 Qc7 13. Bg5 h6 14. Bh4 Nb4 15. Rac1 Qd8 16. Ne5 Nfd5 17. Bg3 Bg5 18. Rb1 b6 19. Nf3 Bf6 20. Ne4 Bb7 21. Qd2 Be7 22. Rbc1 Rc8 23. h3 Qd7 24. Bb3 Rfd8 25. Ne5 Qe8 26. Qe2 Rxc1 27. Rxc1 Nc6 28. Nf3 Nf6 29. Nxf6+ Bxf6 30. Be5 Qe7 31. Bc4 Nb4 32. Qe3 Bd5 33. Be2 Nc6 34. Bxf6 Qxf6 35. Ne5 Nxd4 36. Qxd4 Qg5 37. Bf1 Qxc1 38. Qxb6 Ra8 39. Nd3 Qb1 40. Qd4 Rc8 41. Nc5 Qc1 42. b4 a5 43. Nd3 Qd1 44. Qb2 Bc4 45. Qc3 Bxd3 46. Qxc8+ Kh7 47. Kh2 Bxf1 48. b5 Qd6+ 49. Kg1 Bd3 50. Qa8 Qb4 51. Qf3 Bg6 52. Qa8 Qxa4 53. b6 Be4 54. Qa7 Qa1+ 55. Kh2 Qe5+ 56. Kg1 Qg5 57. g3 Qc1+ 0-1

[Event "Live Chess"]
[Site "Chess.com"]
[Date "2021.02.28"]
[Round "-"]
[White "Mooney, Graham"]
[Black "Lothian, Robert"]
[Result "0-1"]
[BlackElo "2051"]
[CurrentPosition "4r1k1/6pp/5p2/8/P7/7P/r4PP1/2R2K2 w - -"]
[ECO "B10"]
[ECOUrl "https://www.chess.com/openings/Caro-Kann-Defense-Two-Knights-Attack"]
[EndDate "2021.02.28"]
[EndTime "14:57:13"]
[Link "https://www.chess.com/live/game/8259888961"]
[StartTime "14:03:30"]
[Termination "StoneyShark won by resignation"]
[TimeControl "1500+10"]
[Timezone "UTC"]
[UTCDate "2021.02.28"]
[UTCTime "14:03:30"]
[WhiteElo "1831"]

1. e4 c6 2. Nf3 d5 3. Nc3 Bg4 4. exd5 cxd5 5. Bb5+ Nc6 6. h3 Bxf3 7. Qxf3 e6 8. O-O Nf6 9. Bxc6+ bxc6 10. a4 Be7 11. b3 O-O 12. Bb2 e5 13. Qg3 Bd6 14. Ba3 Re8 15. Bxd6 Qxd6 16. d4 Nh5 17. Qg4 Nf4 18. dxe5 Qxe5 19. Qf3 Qxc3 20. Qxf4 Qxc2 21. Rfc1 Qxb3 22. Rxc6 Rad8 23. Rc7 d4 24. Rxa7 d3 25. Qd2 Qb6 26. Ra5 Re2 27. Qg5 f6 28. Qc5 Qxc5 29. Rxc5 d2 30. Kf1 Rde8 31. Rcc1 dxc1=Q+ 32. Rxc1 Ra2 0-1